 Dungeon Crawl Stone Soup version 0.25-a0-663-gace7076f2c (webtiles) character file.

Game seed: 17826958552130125470, levelgen mode: deterministic

1054 Arthanis the Chopper (level 8, -5/48 HPs)
             Began as a Gargoyle Berserker on Mar 24, 2020.
             Was a Believer of Trog.
             Slain by a big kobold
             ... wielding a +1 whip of distortion
              (21 damage)
             ... on level 4 of the Dungeon.
             The game lasted 00:05:30 (3940 turns).

Arthanis the Chopper (Gargoyle Berserker)           Turns: 3940, Time: 00:05:31

Health: -5/48      AC: 18    Str: 20    XL:     8   Next: 26%
Magic:  9/9        EV:  8    Int: 11    God:    Trog [**....]
Gold:   223        SH:  0    Dex:  9    Spells: 7/7 levels left

rFire    + . .     SeeInvis .   a - +0 hand axe
rCold    . . .     Gourm    +   (no shield)
rNeg     + + .     Faith    .   i - +0 chain mail
rPois    ∞         Spirit   .   (no helmet)
rElec    +         Reflect  .   s - +1 cloak
rCorr    .         Harm     .   (no gloves)
MR       ++...                  m - +0 pair of boots
Stlth    ..........             l - amulet of the gourmand
HPRegen  1.16/turn              t - ring of protection from fire
MPRegen  0.11/turn              z - ring of positive energy

@: berserk cooldown, regenerating, slowed, very slow
A: negative energy resistance 1, electricity resistance, unbreathing,
petrification resistance, rot immunity, AC +5
a: Berserk, Trog's Hand, Renounce Religion


You were on level 4 of the Dungeon.
You worshipped Trog.
Trog was pleased with you.
You were very full.

You visited 1 branch of the dungeon, and saw 5 of its levels.

You collected 278 gold pieces.
You spent 55 gold pieces at shops.

Inventory:

Hand Weapons
 a - a +0 hand axe (weapon)
 r - a +2 quarterstaff of chaos
 y - a +0 flail
Armour
 b - a +0 animal skin
 i - a +0 chain mail (worn)
 m - a +0 pair of boots (worn)
 s - a +1 cloak (worn)
Jewellery
 l - an amulet of the gourmand (around neck)
 t - a ring of protection from fire (left hand)
 x - a +4 ring of intelligence
 z - a ring of positive energy (right hand)
Wands
 q - a wand of random effects (28)
Scrolls
 e - 4 scrolls of remove curse
 f - 6 scrolls of magic mapping
 j - a scroll of enchant weapon {unknown}
 p - 5 scrolls of teleportation
 u - a scroll of immolation {unknown}
 w - a scroll of random uselessness {unknown}
Potions
 d - a potion of berserk rage {unknown}
 g - a potion of brilliance {unknown}
 h - 3 potions of curing
 k - 2 potions of stabbing {unknown}
Comestibles
 c - 10 rations
 n - 3 chunks of flesh


   Skills:
 + Level 4.8 Fighting
 * Level 7.5 Axes
 - Level 4.0 Armour
 - Level 2.0 Dodging
 + Level 1.0 Stealth
 * Level 1.8 Evocations


You had 7 spell levels left.
You didn't know any spells.
Your spell library was empty.

Dungeon Overview and Level Annotations

Branches:
Dungeon (5/15)
 Temple: D:4-7

Altars:
The Shining One

Shops:
D:5 *

Annotations:
D:5 grulito's ghost, novice GrEE


Innate Abilities, Weirdness & Mutations

You are resistant to torment.
Your stone body is resilient. (AC +5)
You are immune to poison.
You resist negative energy. (rN+)
You are resistant to electric shocks. (rElec)
You can survive without breathing.
You are immune to petrification.
You are immune to rotting.


Message History

The big kobold hits you with a +0 short sword.
You hit the big kobold.
The big kobold is moderately wounded.
You barely miss the big kobold.
The big kobold hits you but does no damage.
Space warps horribly around you.
* * * LOW HITPOINT WARNING * * *
The big kobold closely misses you.
Okay, then.
Your skin crawls.
You feel resistant to hostile enchantments.
You feel quite a bit less full.
The big kobold hits you but does no damage.
Space bends around you.
* * * LOW HITPOINT WARNING * * *
The big kobold throws a curare-tipped dart.
The curare-tipped dart barely misses you.
The big kobold hits you but does no damage.
Space warps horribly around you!!
You die...

#........#.......#
#........#.......#########
#........#.......#.......#
#........+.......#.#####.#
########.#.......#.....#.##
#############............##.##...
............K.>.#.######.#...####
#############.#.K.# #.#...# #
..............#.@#######.###.####
#############..>.# #...#.#.#.....
#....# #.#.#.#....###
#....###'#......#.#
#######.#............##.#
#.......#.........##....#
#.###.#.#........)####### #.#
#.#.#...##'###.....# ### #.#
#.#.#........#.###.#


You could see a big kobold.

Vanquished Creatures
  A phantom (D:4)
  An ogre (D:2)
  2 centaurs (D:5)
  2 scorpions (D:5)
  A howler monkey (D:4)
  A jelly (D:5)
  An orc priest (D:3)
  Crazy Yiuf (D:3)
  3 hounds
  Jessica (D:1)
  A bullfrog skeleton (D:3)
  Terence (D:2)
  Natasha (twice) (D:2)
  2 centaur skeletons
  An orc wizard (D:5)
  2 worker ants (D:4)
  8 adders
  3 dart slugs
  2 leopard geckos
  9 orcs
  3 giant cockroaches
  5 goblins
  8 hobgoblins
  10 jackals
  A ball python (D:3)
  11 bats
  7 frilled lizards
  5 kobolds
  A leopard gecko zombie (D:5)
  7 rats
103 creatures vanquished.

Notes
Turn   | Place    | Note
-------+----------+-------------------------------------------
     0 | D:1      | Arthanis the Gargoyle Berserker began the quest for the
                  | Orb.
     0 | D:1      | Reached XP level 1. HP: 14/14 MP: 1/1
    95 | D:1      | Reached skill level 3 in Axes
    95 | D:1      | Reached XP level 2. HP: 13/19 MP: 2/2
   511 | D:2      | Reached XP level 3. HP: 22/23 MP: 3/3
   605 | D:2      | Noticed Natasha
   611 | D:2      | Killed Natasha
   611 | D:2      | Reached skill level 4 in Axes
   611 | D:2      | Reached XP level 4. HP: 29/29 MP: 4/4
   772 | D:2      | Noticed Natasha
   787 | D:2      | Killed Natasha
   821 | D:2      | Noticed an ogre
   837 | D:2      | Killed an ogre
   837 | D:2      | Reached XP level 5. HP: 33/33 MP: 5/5
   891 | D:2      | Noticed Terence
   905 | D:2      | Killed Terence
   905 | D:2      | Reached skill level 5 in Axes
   907 | D:2      | Noticed Jessica
   929 | D:1      | Killed Jessica
   929 | D:1      | Reached XP level 6. HP: 34/38 MP: 6/6
   942 | D:2      | Reached ** piety under Trog
  1109 | D:2      | Found a faded altar of an unknown god.
  1545 | D:3      | Found a runed translucent door.
  1546 | D:3      | Noticed Crazy Yiuf
  1554 | D:3      | Killed Crazy Yiuf
  2229 | D:4      | Reached XP level 7. HP: 43/44 MP: 7/7
  2249 | D:4      | Reached skill level 6 in Axes
  2608 | D:4      | Reached skill level 1 in Evocations
  3055 | D:5      | Entered Level 5 of the Dungeon
  3113 | D:5      | Found a runed translucent gate.
  3114 | D:5      | Found a runed translucent gate.
  3114 | D:5      | Found a runed translucent gate.
  3114 | D:5      | Noticed grulito's ghost (novice GrEE)
  3280 | D:5      | Reached XP level 8. HP: 38/48 MP: 9/9
  3375 | D:5      | Reached skill level 7 in Axes
  3508 | D:5      | Reached skill level 1 in Stealth
  3515 | D:5      | Reached *** piety under Trog
  3613 | D:5      | Found Sachan's General Store.
  3648 | D:5      | Bought a scroll of teleportation for 33 gold pieces
  3648 | D:5      | Bought a scroll of identify for 22 gold pieces
  3822 | D:5      | Found a glowing golden altar of the Shining One.
  3940 | D:4      | Slain by a big kobold

Levels and vault maps discovered:
D:1:      giann_wishing_wells, layout_rooms
D:2:      layout_loops_ring, chequers_ecumenical_altar_twisty, uniq_natasha,
          uniq_jessica, uniq_terence
D:3:      layout_basic, first_ration, kennysheep_generic_room_11,
          uniq_crazy_yiuf_cottage
D:4:      layout_basic, serial_glass, glass_columns_b, glass_columns_c,
          corexii_corridor_pit
D:5:      layout_basic, gammafunk_ghost_nasty_kobolds, basic_altar,
          kennysheep_windowed_goal

Skill      XL: |  1  2  3  4  5  6  7  8 |
---------------+-------------------------+-----
Axes           | 3 4 5 6 7 |  7.5
Fighting       | 4 |  4.8
Dodging        | 2 |  2.0
Armour         | 3 4 |  4.0
Evocations     | 1 |  1.8
Stealth        | 1 |  1.0

Action                   |  1- 3 |  4- 6 |  7- 9 || total
-------------------------+-------+-------+-------++-------
Melee: Hand axe          |    81 |   224 |   225 ||   530
Invok: Berserk           |     1 |     5 |     2 ||     8
       Trog's Hand       |       |       |     3 ||     3
  Use: Scroll            |       |       |     3 ||     3
 Stab: Distracted        |       |     1 |       ||     1
  Eat: Chunk             |       |    27 |     7 ||    34
Armor: Animal skin       |    19 |       |       ||    19
       Chain mail        |    39 |   161 |   185 ||   385
Dodge: Dodged            |    71 |    95 |    87 ||   253

Table legend:
 A = Non-vault XP
 B = Vault XP
 C = Vault XP percentage of total XP
 D = Non-vault monster count
 E = Vault monster count
 F = Vault count percentage of total count
                 A         B        C        D         E       F
            +---------+---------+-------+---------+---------+-------
      Total |    1289 |     218 |  14.5 |      96 |       7 |   6.8
            +---------+---------+-------+---------+---------+-------
        D:1 |      30 |      37 |  55.2 |      19 |       1 |   5.0
        D:2 |     222 |      71 |  24.2 |      20 |       2 |   9.1
        D:3 |     175 |      43 |  19.7 |      28 |       2 |   6.7
        D:4 |     342 |       0 |   0.0 |      13 |       0 |   0.0
        D:5 |     520 |      67 |  11.4 |      16 |       2 |  11.1
            +---------+---------+-------+---------+---------+-------
